TOP OF THE 1ST |
Broken Arrow HS batting - Pitching for Rocky Point HS Eagles : LHP Will Hurt
|
Pitching: LHP Will Hurt
|
|
Batting: LHB José Esparza
|
0-0: Foul Ball, location: 2F 0-1: Swinging Strike 0-2: Strikes out swinging
|
Batting: RHB David Adams
|
0-0: Called Strike 0-1: Swinging Strike 0-2: Ball 1-2: Foul Ball, location: 2F 1-2: Strikes out swinging
|
Batting: LHB Brian Lawson
|
0-0: Ball 1-0: Called Strike 1-1: Ball 2-1: Swinging Strike 2-2: Ball 3-2: Foul Ball, location: 2F 3-2: Base on Balls
|
Batting: RHB Steve Boyer
|
0-0: Called Strike 0-1: Swinging Strike 0-2: Strikes out swinging
|
Top of the 1st over - 0 run(s), 0 hit(s), 0 error(s), 1 left on base; Broken Arrow HS 0 - Rocky Point HS 0 |
BOTTOM OF THE 1ST |
Rocky Point HS Eagles batting - Pitching for Broken Arrow HS : LHP Paul Bacon
|
Pitching: LHP Paul Bacon
|
|
Batting: LHB Gus Price
|
0-0: Called Strike 0-1: Ball 1-1: Swinging Strike 1-2: SOLO HOME RUN (Flyball, 89XD), Distance : 413 ft
|
Batting: RHB Dave Burkholder
|
0-0: SOLO HOME RUN (Line Drive, 7D), Distance : 385 ft
|
Batting: RHB Fernando Rodríguez
|
0-0: Ball 1-0: Ball 2-0: Called Strike 2-1: Ball 3-1: Called Strike 3-2: Ground out 6-3 (Groundball, 6)
|
Batting: RHB Bud Manning
|
0-0: Foul Ball, location: 2F 0-1: Ball 1-1: Foul Ball, location: 2F 1-2: Ground out 5-3 (Groundball, 56)
|
Batting: SHB Andrés Coronado
|
0-0: Called Strike 0-1: Ball 1-1: Ball 2-1: Foul Ball, location: 2F 2-2: Ground out U3 (Groundball, 34S)
|
Bottom of the 1st over - 2 run(s), 2 hit(s), 0 error(s), 0 left on base; Broken Arrow HS 0 - Rocky Point HS 2 |
TOP OF THE 2ND |
Broken Arrow HS batting - Pitching for Rocky Point HS Eagles : LHP Will Hurt
|
Batting: LHB Jesús Zamora
|
0-0: Foul Ball, location: 2F 0-1: Ball 1-1: Ball 2-1: Foul Ball, location: 2F 2-2: Fly out, F8 (Flyball, 89S)
|
Batting: RHB Ramón Santos
|
0-0: Ball 1-0: Foul Ball, location: 2F 1-1: Ball 2-1: Foul Ball, location: 2F 2-2: Strikes out swinging
|
Batting: LHB Dennis Montgomery
|
0-0: Ball 1-0: Ball 2-0: Called Strike 2-1: Foul Ball, location: 2F 2-2: Strikes out swinging
|
Top of the 2nd over - 0 run(s), 0 hit(s), 0 error(s), 0 left on base; Broken Arrow HS 0 - Rocky Point HS 2 |
BOTTOM OF THE 2ND |
Rocky Point HS Eagles batting - Pitching for Broken Arrow HS : LHP Paul Bacon
|
Batting: RHB Liam Simons
|
0-0: Ball
|
|
|
|
1-0: Ball 2-0: SINGLE (Flyball, 89S)
|
Batting: RHB Vincent Turner
|
0-0: Called Strike 0-1: SINGLE (Groundball, 6S) (infield hit) Liam Simons to second
|
Batting: LHB Rob Peterson
|
0-0: Fly out, F7 (Flyball, 78M)
|
Batting: RHB Ramón Garza
|
0-0: SINGLE (Line Drive, 78M) Liam Simons to third Vincent Turner to second
|
Batting: LHB Gus Price
|
0-0: Reached on error, E4 (Groundball, 4) Liam Simons scores Vincent Turner to third Ramón Garza to second
|
Batting: RHB Dave Burkholder
|
0-0: Ball 1-0: Foul Ball, location: 2F 1-1: Ball 2-1: Ball 3-1: DOUBLE (Line Drive, 7LS) Vincent Turner scores Ramón Garza scores Gus Price to third
|
Batting: RHB Fernando Rodríguez
|
0-0: Foul Ball, location: 2F 0-1: Swinging Strike 0-2: Ball 1-2: Ball 2-2: Ball 3-2: Base on Balls
|
Batting: RHB Bud Manning
|
0-0: Ball 1-0: Ball 2-0: Foul Ball, location: 2F 2-1: Foul Ball, location: 2F 2-2: Ground out 6-3 (Groundball, 6D) Gus Price scores Dave Burkholder to third Fernando Rodríguez to second
|
Batting: SHB Andrés Coronado
|
0-0: Ball 1-0: Ball 2-0: Foul Ball, location: 2F 2-1: 3-RUN HOME RUN (Flyball, 9LD), Distance : 346 ft
|
Batting: RHB Liam Simons
|
0-0: Foul Ball, location: 2F 0-1: Ball 1-1: Swinging Strike 1-2: Ball 2-2: Ball 3-2: Foul Ball, location: 2F 3-2: Base on Balls
|
Pitching: RHP James Harmon
|
|
Batting: RHB Vincent Turner
|
0-0: Called Strike 0-1: Called Strike 0-2: Ball 1-2: Ball 2-2: Ball 3-2: Base on Balls Liam Simons to second
|
Batting: LHB Rob Peterson
|
0-0: Ball 1-0: Ball 2-0: Foul Ball, location: 2F 2-1: Ball 3-1: Base on Balls Liam Simons to third Vincent Turner to second
|
Batting: RHB Ramón Garza
|
0-0: Called Strike 0-1: Foul Ball, location: 2F 0-2: Ball 1-2: Ball 2-2: Foul Ball, location: 2F 2-2: Ball 3-2: Base on Balls Liam Simons scores Vincent Turner to third Rob Peterson to second
|
Batting: LHB Gus Price
|
0-0: Foul Ball, location: 2F 0-1: Swinging Strike 0-2: Ball 1-2: Strikes out swinging
|
Bottom of the 2nd over - 8 run(s), 5 hit(s), 1 error(s), 3 left on base; Broken Arrow HS 0 - Rocky Point HS 10 |
TOP OF THE 3RD |
Broken Arrow HS batting - Pitching for Rocky Point HS Eagles : LHP Will Hurt
|
Batting: RHB R.J. Tucker
|
0-0: Foul Ball, location: 2F 0-1: Foul Ball, location: 2F 0-2: Ball 1-2: Strikes out swinging
|
Batting: RHB Jon Bush
|
0-0: Ball 1-0: Ball 2-0: Ball 3-0: Called Strike 3-1: Base on Balls
|
Batting: LHB José Esparza
|
0-0: Swinging Strike 0-1: Ball 1-1: Called Strike 1-2: Ball 2-2: Fly out, F4 (Line Drive, 4)
|
Batting: RHB David Adams
|
0-0: Fly out, F9 (Flyball, 9S)
|
Top of the 3rd over - 0 run(s), 0 hit(s), 0 error(s), 1 left on base; Broken Arrow HS 0 - Rocky Point HS 10 |
BOTTOM OF THE 3RD |
Rocky Point HS Eagles batting - Pitching for Broken Arrow HS : RHP James Harmon
|
Batting: RHB Dave Burkholder
|
0-0: Ground out 5-3 (Groundball, 5S)
|
Batting: RHB Fernando Rodríguez
|
0-0: Called Strike 0-1: Ball 1-1: Ball 2-1: SINGLE (Line Drive, 8LS)
|
Batting: RHB Bud Manning
|
0-0: Called Strike Fernando Rodríguez steals 2nd base 0-1: Ball 1-1: Ball 2-1: Ball 3-1: Called Strike 3-2: Strikes out swinging
|
Batting: SHB Andrés Coronado
|
0-0: Ball 1-0: Called Strike 1-1: Swinging Strike 1-2: Ball 2-2: Strikes out swinging
|
Bottom of the 3rd over - 0 run(s), 1 hit(s), 0 error(s), 1 left on base; Broken Arrow HS 0 - Rocky Point HS 10 |
TOP OF THE 4TH |
Broken Arrow HS batting - Pitching for Rocky Point HS Eagles : LHP Will Hurt
|
Batting: LHB Brian Lawson
|
0-0: Ball 1-0: Ball 2-0: Foul Ball, location: 2F 2-1: Ball 3-1: Swinging Strike 3-2: Base on Balls
|
Batting: RHB Steve Boyer
|
0-0: Ball 1-0: Called Strike 1-1: Swinging Strike 1-2: SINGLE (Groundball, 4MD) Brian Lawson to second
|
Pitching: LHP Keith Burns
|
|
Batting: LHB Jesús Zamora
|
0-0: Ball 1-0: Ball 2-0: Swinging Strike 2-1: Swinging Strike 2-2: Strikes out looking
|
Batting: RHB Ramón Santos
|
0-0: Ball 1-0: Ball 2-0: Ball 3-0: Called Strike 3-1: Base on Balls Brian Lawson to third Steve Boyer to second
|
Batting: LHB Dennis Montgomery
|
0-0: Foul Ball, location: 2F 0-1: Ball 1-1: Ball 2-1: Foul Ball, location: 2F 2-2: Strikes out swinging
|
Batting: RHB R.J. Tucker
|
0-0: Ball 1-0: Foul Ball, location: 2F 1-1: Ball 2-1: Called Strike 2-2: Strikes out swinging
|
Top of the 4th over - 0 run(s), 1 hit(s), 0 error(s), 3 left on base; Broken Arrow HS 0 - Rocky Point HS 10 |
BOTTOM OF THE 4TH |
Rocky Point HS Eagles batting - Pitching for Broken Arrow HS : RHP James Harmon
|
Batting: RHB Liam Simons
|
0-0: Called Strike 0-1: Ball 1-1: Called Strike 1-2: SINGLE (Groundball, 6MD)
|
Batting: RHB Vincent Turner
|
0-0: Called Strike 0-1: Ball 1-1: Ball 2-1: Called Strike 2-2: Foul Ball, location: 2F 2-2: Ball 3-2: Foul Ball, location: 2F 3-2: Strikes out swinging Liam Simons is caught stealing 2nd base Batter strikes out.
|
Batting: LHB Rob Peterson
|
0-0: Foul Ball, location: 2F 0-1: Called Strike 0-2: Strikes out swinging
|
Bottom of the 4th over - 0 run(s), 1 hit(s), 0 error(s), 0 left on base; Broken Arrow HS 0 - Rocky Point HS 10 |
TOP OF THE 5TH |
Broken Arrow HS batting - Pitching for Rocky Point HS Eagles : LHP Keith Burns
|
Batting: RHB Jon Bush
|
0-0: Called Strike 0-1: Ball 1-1: Called Strike 1-2: Fly out, F8 (Flyball, 8RD)
|
Batting: LHB José Esparza
|
0-0: Foul Ball, location: 2F 0-1: Ball 1-1: Ground out 4-3 (Groundball, 4D)
|
Batting: RHB David Adams
|
0-0: Called Strike 0-1: Foul Ball, location: 2F 0-2: Ball 1-2: Ball 2-2: Ball 3-2: Foul Ball, location: 2F 3-2: Foul Ball, location: 2F 3-2: Base on Balls
|
Batting: LHB Brian Lawson
|
0-0: Called Strike 0-1: Ball 1-1: Called Strike 1-2: Foul Ball, location: 2F 1-2: Ball 2-2: Ball 3-2: SINGLE (Flyball, 7S) David Adams to second David Adams to third
|
Batting: RHB Steve Boyer
|
0-0: Swinging Strike 0-1: Fly out, F8 (Line Drive, 8LM)
|
Top of the 5th over - 0 run(s), 1 hit(s), 0 error(s), 2 left on base; Broken Arrow HS 0 - Rocky Point HS 10 |
BOTTOM OF THE 5TH |
Rocky Point HS Eagles batting - Pitching for Broken Arrow HS : RHP James Harmon
|
Pitching: LHP Mike Waller
|
|
Batting: RHB Ramón Garza
|
0-0: Called Strike 0-1: Ball 1-1: Ground out 4-3 (Groundball, 4)
|
Batting: LHB Gus Price
|
0-0: Foul Ball, location: 2F 0-1: Ball 1-1: Swinging Strike 1-2: Foul Ball, location: 2F 1-2: Foul Ball, location: 2F 1-2: SINGLE (Line Drive, 6)
|
Batting: RHB Dave Burkholder
|
0-0: Foul Ball, location: 2F 0-1: Foul Ball, location: 2F 0-2: Foul Ball, location: 2F 0-2: Strikes out swinging
|
Batting: RHB Fernando Rodríguez
|
0-0: Called Strike 0-1: Foul Ball, location: 2F 0-2: Ball Gus Price is caught stealing 2nd base
|
Bottom of the 5th over - 0 run(s), 1 hit(s), 0 error(s), 0 left on base; Broken Arrow HS 0 - Rocky Point HS 10 |
TOP OF THE 6TH |
Broken Arrow HS batting - Pitching for Rocky Point HS Eagles : LHP Keith Burns
|
Pitching: RHP Joe Johnston
|
|
Batting: LHB Jesús Zamora
|
0-0: Foul Ball, location: 2F 0-1: Foul Ball, location: 2F 0-2: Ball 1-2: Foul Ball, location: 2F 1-2: Foul Ball, location: 2F 1-2: Foul Ball, location: 2F 1-2: Ball 2-2: Ball 3-2: Base on Balls
|
Batting: RHB Ramón Santos
|
0-0: Called Strike 0-1: Foul Ball, location: 2F 0-2: Ball 1-2: Foul Ball, location: 2F 1-2: Ground out 5-3 (Groundball, 56S) Jesús Zamora to second
|
Batting: LHB Dennis Montgomery
|
0-0: Ball 1-0: Ball 2-0: Called Strike 2-1: Called Strike 2-2: Strikes out swinging
|
Batting: RHB R.J. Tucker
|
0-0: Called Strike 0-1: Called Strike 0-2: Ball 1-2: Ball 2-2: Ball 3-2: Strikes out looking
|
Top of the 6th over - 0 run(s), 0 hit(s), 0 error(s), 1 left on base; Broken Arrow HS 0 - Rocky Point HS 10 |
BOTTOM OF THE 6TH |
Rocky Point HS Eagles batting - Pitching for Broken Arrow HS : LHP Mike Waller
|
Batting: RHB Fernando Rodríguez
|
0-0: Foul Ball, location: 2F 0-1: Ball 1-1: Ball 2-1: Called Strike 2-2: Foul Ball, location: 2F 2-2: Ball 3-2: Ground out 4-3 (Groundball, 4)
|
Batting: RHB Bud Manning
|
0-0: SINGLE (Flyball, 8RS)
|
Batting: SHB Andrés Coronado
|
0-0: Swinging Strike 0-1: Ball 1-1: Called Strike 1-2: Strikes out swinging
|
Batting: RHB Liam Simons
|
0-0: Ball 1-0: Foul Ball, location: 2F 1-1: Fielders Choice at 2nd, 6-4 (Groundball, 6)
|
Bottom of the 6th over - 0 run(s), 1 hit(s), 0 error(s), 0 left on base; Broken Arrow HS 0 - Rocky Point HS 10 |
TOP OF THE 7TH |
Broken Arrow HS batting - Pitching for Rocky Point HS Eagles : RHP Joe Johnston
|
Pitching: RHP Nick Cox
|
|
Batting: RHB Jon Bush
|
0-0: Ball 1-0: Ball 2-0: Called Strike 2-1: Ball 3-1: Base on Balls
|
Pitching: LHP Rick Estes
|
|
Batting: LHB José Esparza
|
0-0: DOUBLE (Line Drive, 78M) Jon Bush to third
|
Batting: RHB David Adams
|
0-0: Ball 1-0: Fly out, F4 (Popup, 4)
|
Batting: LHB Brian Lawson
|
0-0: Ball 1-0: Ball Wild Pitch! Jon Bush scores José Esparza to third 2-0: Ball 3-0: Called Strike 3-1: Base on Balls
|
Batting: RHB Steve Boyer
|
0-0: Called Strike 0-1: Ball Pickoff Throw to First - Out! 1-1: Foul Ball, location: 2F 1-2: Ball 2-2: Fly out, F4 (Popup, 4MD)
|
Top of the 7th over - 1 run(s), 1 hit(s), 0 error(s), 1 left on base; Broken Arrow HS 1 - Rocky Point HS 10 |
BOTTOM OF THE 7TH |
Rocky Point HS Eagles batting - Pitching for Broken Arrow HS : LHP Mike Waller
|
Batting: RHB Vincent Turner
|
0-0: Ball 1-0: Ball 2-0: Ball 3-0: Base on Balls
|
Batting: LHB Rob Peterson
|
0-0: Ball 1-0: Ball 2-0: Called Strike 2-1: Ball 3-1: Base on Balls Vincent Turner to second
|
Batting: RHB Ramón Garza
|
0-0: Ball 1-0: Foul Ball, location: 2F 1-1: Ball 2-1: Fly out, F7 (Flyball, 7)
|
Batting: LHB Gus Price
|
0-0: Foul Ball, location: 2F 0-1: Ball 1-1: Ball 2-1: Fly out, F5 (Popup, 56)
|
Batting: RHB Dave Burkholder
|
0-0: Called Strike 0-1: Fly out, F9 (Flyball, 89M)
|
Bottom of the 7th over - 0 run(s), 0 hit(s), 0 error(s), 2 left on base; Broken Arrow HS 1 - Rocky Point HS 10 |
TOP OF THE 8TH |
Broken Arrow HS batting - Pitching for Rocky Point HS Eagles : LHP Rick Estes
|
Now at C: Josh Conner
|
|
Now in RF: Pedro Cháves
|
|
Batting: LHB Jesús Zamora
|
0-0: Fly out, F9 (Flyball, 9)
|
Pinch Hitting: SHB Pedro Sousa
|
0-0: Ground out 6-3 (Groundball, 6)
|
Batting: LHB Dennis Montgomery
|
0-0: Ball 1-0: Called Strike 1-1: Ball 2-1: Foul Ball, location: 2F 2-2: Foul Ball, location: 2F 2-2: SINGLE (Groundball, 34S) (infield hit)
|
Batting: RHB R.J. Tucker
|
0-0: Ground out 6-3 (Groundball, 6S)
|
Top of the 8th over - 0 run(s), 1 hit(s), 0 error(s), 1 left on base; Broken Arrow HS 1 - Rocky Point HS 10 |
BOTTOM OF THE 8TH |
Rocky Point HS Eagles batting - Pitching for Broken Arrow HS : LHP Mike Waller
|
Now in CF: Philippe Paquin
|
|
Batting: RHB Fernando Rodríguez
|
0-0: Called Strike 0-1: Ball 1-1: Called Strike 1-2: Foul Ball, location: 2F 1-2: Ball 2-2: SINGLE (Groundball, 34S) (infield hit)
|
Pitching: RHP Donnie Davenport
|
|
Batting: RHB Bud Manning
|
0-0: Swinging Strike 0-1: Ball 1-1: Swinging Strike 1-2: Ball 2-2: Ball 3-2: Strikes out swinging
|
Batting: SHB Andrés Coronado
|
0-0: Called Strike 0-1: Ball 1-1: Ball 2-1: Ball 3-1: Foul Ball, location: 2F 3-2: Base on Balls Fernando Rodríguez to second
|
Batting: RHB Liam Simons
|
0-0: Ball 1-0: Swinging Strike 1-1: Fly out, F5 (Popup, 56)
|
Batting: RHB Vincent Turner
|
0-0: Called Strike 0-1: Foul Ball, location: 2F 0-2: Strikes out swinging
|
Bottom of the 8th over - 0 run(s), 1 hit(s), 0 error(s), 2 left on base; Broken Arrow HS 1 - Rocky Point HS 10 |
TOP OF THE 9TH |
Broken Arrow HS batting - Pitching for Rocky Point HS Eagles : LHP Rick Estes
|
Now at 1B: Fernando Pagán
|
|
Batting: RHB Jon Bush
|
0-0: Ball 1-0: Foul Ball, location: 2F 1-1: Ball 2-1: Ball 3-1: Foul Ball, location: 2F 3-2: Foul Ball, location: 2F 3-2: Ground out 5-3 (Groundball, 5)
|
Pitching: RHP António Cordero
|
|
Batting: LHB José Esparza
|
0-0: Ball 1-0: Ball 2-0: Ball 3-0: Called Strike 3-1: Swinging Strike 3-2: Base on Balls
|
Batting: RHB David Adams
|
0-0: Ball 1-0: Ball 2-0: Foul Ball, location: 2F 2-1: Called Strike 2-2: Foul Ball, location: 2F 2-2: Fly out, F9 (Flyball, 89S)
|
Batting: LHB Brian Lawson
|
0-0: Swinging Strike
|
|
|
|
0-1: Swinging Strike 0-2: Foul Ball, location: 2F 0-2: Strikes out swinging
|
Top of the 9th over - 0 run(s), 0 hit(s), 0 error(s), 1 left on base; Broken Arrow HS 1 - Rocky Point HS 10 |
|
Thursday, March 30th, 2017 - OOTP Baseball 17.12 Build 75
|
|